 Dungeon Crawl Stone Soup version 0.21-a0-578-gc6e9d75 (webtiles) character file.

478 KeeTraxx the Ruffian (level 7, -5/58 (60) HPs)
             Began as a Ghoul Monk on Dec 18, 2017.
             Slain by Prince Ribbit (15 damage)
             ... on level 5 of the Dungeon.
             The game lasted 00:08:42 (3534 turns).

KeeTraxx the Ruffian (Ghoul Monk)                   Turns: 3534, Time: 00:08:43

HP:   -5/58 (60)    AC:  7    Str: 17      XL:     7   Next: 11%
MP:   6/6           EV: 11    Int:  5      God:
Gold: 243           SH:  0    Dex:  7 (11) Spells: 6/6 levels left

rFire    . . .     SeeInvis .     - Unarmed
rCold    + . .     Gourm    .   (no shield)
rNeg     + + +     Faith    .   m - +0 ring mail
rPois    ∞         Spirit   .   o - +0 helmet
rElec    .         Reflect  .   (no cloak)
rCorr    .         Harm     .   (no gloves)
MR       .....                  c - +0 pair of boots
Stlth    +.........             (no amulet)
HPRegen  0.00/turn              (no ring)
MPRegen  0.10/turn              (no ring)

@: rotting
A: rotting body, claws 1, carnivore, cold resistance 1, negative energy
resistance 3, inhibited regeneration, torment resistance, unbreathing
a: no special abilities


You were on level 5 of the Dungeon.
You were not hungry.

You visited 1 branch of the dungeon, and saw 5 of its levels.

You collected 243 gold pieces.

Inventory:

Hand Weapons
 b - a +0 hunting sling
Missiles
 k - 11 sling bullets
 r - 71 stones (quivered)
 x - a throwing net
Armour
 a - a +0 robe
 c - a +0 pair of boots (worn)
 m - a +0 ring mail (worn)
 o - a +0 helmet (worn)
Magical Staves
 i - an uncursed staff of death
Wands
 t - a wand of acid (8)
Scrolls
 d - a scroll of fog {unknown}
 f - 3 scrolls of identify {unknown}
 g - 4 scrolls of teleportation {unknown}
 h - a scroll of random uselessness {unknown}
Potions
 e - a potion of lignification
 l - 2 potions of heal wounds {unknown}
 n - a potion of degeneration {unknown}
 p - a potion of might {unknown}
 s - 3 potions of berserk rage {unknown}
 u - a potion of agility {unknown}
 w - a potion of resistance {unknown}
 z - a potion of cancellation {unknown}
Comestibles
 q - 6 rations


   Skills:
 + Level 4.5 Fighting
 + Level 4.1 Dodging
 - Level 2.1 Stealth
 + Level 7.0 Unarmed Combat


You had 6 spell levels left.
You didn't know any spells.

Dungeon Overview and Level Annotations

Branches:
Dungeon (5/15)
 Temple: D:4-7

Altars:
Hepliaklqana

Annotations:
D:5 Prince Ribbit


Innate Abilities, Weirdness & Mutations

Your body is rotting away.
You thrive on raw meat.
You are immune to poison.
You have sharp fingernails.
You are carnivorous and can eat meat at any time.
Your flesh is cold resistant. (rC+)
You are immune to negative energy. (rN+++)
You do not regenerate when monsters are visible.
You are immune to unholy pain and torment.
You can survive without breathing.


Message History

You barely miss Prince Ribbit.
Prince Ribbit is moderately wounded.
Prince Ribbit hits you!
* * * LOW HITPOINT WARNING * * *
Unknown command.
You scratch Prince Ribbit.
Prince Ribbit is heavily wounded.
Prince Ribbit hits you.
* * * LOW HITPOINT WARNING * * *
Prince Ribbit hops awkwardly around.
Prince Ribbit completely misses you.
You see here a stone.
Prince Ribbit blinks!
An orc comes into view. It is wielding a short sword.
The orc shouts!
You hear a shout!
An ogre comes into view. It is wielding a giant club.
Prince Ribbit closely misses you.
Prince Ribbit winks and puckers his lips.
Prince Ribbit hits you!
You die...

.............#..#......
................(.......
............(.(#........
........).....(...(....O ....#.
.................(.......
....#.##.............##..........
......#................o...<(....
.....#........#.....##.##(.......
..........#.....@F..###.#........
..........#......#..##.##........
...........##..........###.......
.......<..###..........## .......
........................#.....#..
.............................##
............................
....################.......# ....
#.......#


You could see Prince Ribbit and an orc.

Vanquished Creatures
  An ogre (D:4)
  A quasit (D:5)
  An orc priest (D:3)
  A hound (D:4)
  An orc wizard (D:4)
  Natasha (thrice) (D:3)
  2 worker ants (D:4)
  5 adders
  2 oozes
  2 worms
  6 dart slugs
  3 leopard geckos
  8 orcs
  A giant cockroach (D:2)
  9 goblins
  6 hobgoblins
  4 quokkas
  4 ball pythons
  9 bats
  5 frilled lizards
  13 kobolds
  A quokka skeleton (D:4)
  6 rats
94 creatures vanquished.

Notes
Turn   | Place    | Note
-------+----------+-------------------------------------------
     0 | D:1      | KeeTraxx the Ghoul Monk began the quest for the Orb.
     0 | D:1      | Reached XP level 1. HP: 19/19 MP: 0/0
   245 | D:1      | Reached XP level 2. HP: 9/26 MP: 1/1
   721 | D:1      | Reached XP level 3. HP: 33/33 MP: 2/2
  1041 | D:2      | Reached skill level 4 in Unarmed Combat
  1135 | D:2      | Reached XP level 4. HP: 33/40 MP: 3/3
  1657 | D:3      | Noticed Natasha
  1668 | D:3      | Killed Natasha
  1684 | D:3      | Reached skill level 5 in Unarmed Combat
  1729 | D:3      | Reached XP level 5. HP: 46/46 MP: 4/4
  1979 | D:3      | Noticed Natasha
  1991 | D:3      | Killed Natasha
  2023 | D:3      | Noticed Natasha
  2028 | D:3      | Killed Natasha
  2212 | D:3      | Reached XP level 6. HP: 51/51 MP: 5/5
  2343 | D:3      | Reached skill level 6 in Unarmed Combat
  3120 | D:4      | Reached XP level 7. HP: 60/60 MP: 6/6
  3211 | D:4      | Found a hazy altar of Hepliaklqana.
  3441 | D:5      | Entered Level 5 of the Dungeon
  3468 | D:5      | Reached skill level 7 in Unarmed Combat
  3485 | D:5      | Noticed Prince Ribbit
  3534 | D:5      | Slain by Prince Ribbit

Vault maps used:
D:1:      doesnt_arrival_eight_statues, minivault_5
D:2:      serial_bayou_lagoon_a
D:3:      first_ration, minmay_cupped, uniq_natasha
D:4:      nicolae_overflow_hidden_temple
D:5:      grunt_temple_overflow_lords_of_destruction, bh_walls_and_bars,
          uniq_prince_ribbit1, uniq_crazy_yiuf_cottage

Skill      XL: |  1  2  3  4  5  6  7 |
---------------+----------------------+-----
Dodging        | 3 4 |  4.1
Unarmed Combat | 4 5 6 7 |  7.0
Fighting       | 4 |  4.5
Stealth        | |  2.1

Action                   |  1- 3 |  4- 6 |  7- 9 || total
-------------------------+-------+-------+-------++-------
Melee: Unarmed           |   117 |   153 |    21 ||   291
       Punch             |     2 |     3 |       ||     5
 Fire: Hunting sling     |       |    58 |    22 ||    80
  Use: Potion            |       |     4 |       ||     4
       Scroll            |       |     2 |       ||     2
 Stab: Sleeping          |     3 |       |       ||     3
  Eat: Chunk             |    10 |    10 |       ||    20
Armor: Robe              |     8 |       |       ||     8
       Ring mail         |    16 |    46 |     6 ||    68
Dodge: Dodged            |    58 |    97 |    22 ||   177

Table legend:
 A = Spawn XP
 B = Non-spawn XP
 C = Spawn XP percentage of total XP
 D = Spawn monster count
 E = Non-spawn monster count
 F = Spawn count percentage of total count
 G = Total turns spent on level
                    A         B        C        D         E        F      G
               +---------+---------+-------+---------+---------+-------+---------
         Total |       0 |     683 |   0.0 |       0 |      94 |   0.0 |  3534
               +---------+---------+-------+---------+---------+-------+---------
           D:1 |       0 |      36 |   0.0 |       0 |      22 |   0.0 |   962
           D:2 |       0 |      90 |   0.0 |       0 |      26 |   0.0 |   662
           D:3 |       0 |     221 |   0.0 |       0 |      30 |   0.0 |  1008
           D:4 |       0 |     286 |   0.0 |       0 |      14 |   0.0 |   809
           D:5 |       0 |      50 |   0.0 |       0 |       2 |   0.0 |    93
               +---------+---------+-------+---------+---------+-------+---------
